AoeStats
← ReynaldDeZureich

Arabia

510408963Analyzed
1v1 RM · 1d ago on Sep 30, 2026· 50m 26s· 2 players
Game mode
Random Map
Map size
Tiny (2 player)
Population
200
Speed
Normal
Resources
Standard
Victory
Conquest
Starting age
Dark Age
Ending age
Imperial Age
RankedLock teamsTeams togetherTeam positionsShared explorationLock speedFull tech treeHidden civsTurbo modeCheats
Victory
Defeat
🇨🇴 Berbers · Colombia
1005
+14
🇨🇭 Portuguese · Switzerland
972
-14
ReynaldDeZureich
10:41 Loom
12:48 Feudal Age
13:37 Double-Bit Axe
17:39 Scale Barding Armor
17:56 Forging
20:53 Castle Age
22:08 Wheelbarrow
21:56 Bow Saw
24:08 Gold Mining
24:09 Stone Mining
24:31 Horse Collar
25:58 Stone Shaft Mining
28:05 Hand Cart
28:08 Heavy Plow
39:51 Imperial Age
38:33 Bloodlines
38:24 Husbandry
37:45 Light Cavalry
41:37 Chemistry
41:40 Chain Barding Armor
42:41 Elite Organ Gun
45:52 Siege Engineers
alcar2415
9:23 Feudal Age
7:38 Loom
25:00 Castle Age
23:13 Gold Mining
23:13 Double-Bit Axe
24:11 Forging
24:40 Bloodlines
25:09 Scale Barding Armor
27:43 Iron Casting
27:32 Horse Collar
28:26 Chain Barding Armor
28:33 Town Watch
29:26 Wheelbarrow
36:44 Imperial Age
36:12 Gold Shaft Mining
36:47 Fletching
37:00 Padded Archer Armor
37:04 Husbandry
38:46 Chemistry
38:01 Bodkin Arrow
39:47 Bracer
40:53 Thumb Ring
41:25 Leather Archer Armor
42:42 Hand Cart
43:29 Heavy Plow
44:08 Plate Barding Armor
44:25 Light Cavalry
44:37 Elite Genitour
46:45 Blast Furnace
48:24 Ring Archer Armor
47:36 Hussar
50:33 Ballistics
50:19 Siege Engineers
Connection lost

Rejoining the realm…

Still unreachable

The connection could not be restored.

Session expired

The server has moved on; the page needs a fresh start.